AoeStats
← 78.

Enclosed

504597988Analyzed
1v1 RM · 28d ago on Sep 5, 2026· 18m 47s· 2 players
Game mode
Random Map
Map size
Tiny (2 player)
Population
200
Speed
Normal
Resources
Standard
Victory
Conquest
Starting age
Dark Age
Ending age
Imperial Age
RankedLock teamsTeams togetherTeam positionsShared explorationLock speedFull tech treeHidden civsTurbo modeCheats
Victory
Defeat
🇩🇪 Ethiopians · Germany
971
+17
🇹🇷 Franks · Türkiye
995
-17
modernkev
7:49 Loom
9:53 Feudal Age
11:22 Double-Bit Axe
15:34 Fletching
78.
7:12 Loom
11:49 Feudal Age
12:48 Double-Bit Axe
16:31 Gold Mining
19:12 Castle Age
Connection lost

Rejoining the realm…

Still unreachable

The connection could not be restored.

Session expired

The server has moved on; the page needs a fresh start.